AoeStats
← iAlejandrouae

Arena

507217853Analyzed
4v4 RM · 15d ago on Sep 17, 2026· 48m 59s· 8 players
Game mode
Random Map
Map size
Large (8 player)
Population
200
Speed
Normal
Resources
Standard
Victory
Conquest
Starting age
Dark Age
Ending age
Imperial Age
RankedLock teamsTeams togetherTeam positionsShared explorationLock speedFull tech treeHidden civsTurbo modeCheats
Victory
Defeat
🇨🇳 Mongols · China
1645
+15
🇸🇻 Armenians · El Salvador
1592
+17
🇦🇷 Persians · Argentina
1552
+19
🇨🇳 Slavs · China
1541
+21
🇧🇴 Lithuanians · Bolivia
1646
-19
🇦🇷 Muisca · Argentina
1642
-19
🇹🇼 Hindustanis · Taiwan
1606
-17
🇻🇳 Vietnamese · Vietnam
1600
-17
Marlin
10:01 Feudal Age
14:12 Castle Age
12:33 Double-Bit Axe
12:55 Horse Collar
15:43 Bow Saw
24:38 Husbandry
26:00 Wheelbarrow
26:53 Heavy Plow
29:45 Imperial Age
27:04 Loom
27:11 Fletching
27:24 Stone Mining
27:50 Bodkin Arrow
27:55 Padded Archer Armor
28:18 Ballistics
29:18 Hand Cart
30:24 Leather Archer Armor
30:23 Bloodlines
30:27 Bracer
31:29 Chemistry
31:58 Conscription
31:58 Thumb Ring
31:23 Light Cavalry
32:10 Scale Barding Armor
32:15 Forging
31:53 Heavy Camel Rider
32:59 Elite Mangudai
33:33 Town Watch
35:30 Chain Barding Armor
35:39 Gold Mining
36:24 Stone Shaft Mining
37:03 Iron Casting
36:57 Hussar
42:18 Hoardings
41:56 Masonry
41:43 Murder Holes
44:05 Drill
43:07 Capped Ram
43:54 Heavy Camel Rider
45:08 Siege Ram
RohanAoE
10:56 Feudal Age
14:38 Castle Age
13:04 Double-Bit Axe
13:42 Horse Collar
21:27 Wheelbarrow
22:07 Scale Mail Armor
22:53 Hand Cart
23:54 Heavy Plow
29:56 Imperial Age
27:17 Loom
27:35 Fletching
27:46 Padded Archer Armor
28:13 Bow Saw
28:21 Bodkin Arrow
29:13 Ballistics
29:33 Leather Archer Armor
29:11 Gold Mining
29:11 Stone Mining
29:56 Chain Mail Armor
29:46 Scale Barding Armor
30:02 Forging
29:52 Man-at-Arms
30:54 Fereters
31:10 Conscription
30:41 Gambesons
30:57 Squires
30:42 Arson
30:42 Long Swordsman
31:25 Murder Holes
32:17 Plate Mail Armor
31:21 Two-Handed Swordsman
32:07 Bracer
31:55 Champion
34:10 Iron Casting
33:48 Capped Ram
35:40 Chemistry
35:13 Ring Archer Armor
35:35 Siege Ram
37:56 Blast Furnace
36:43 Elite Composite Bowman
45:23 Masonry
46:18 Gold Shaft Mining
47:15 Hoardings
iAlejandrouae
8:08 Feudal Age
7:10 Loom
9:44 Fletching
22:17 Castle Age
20:19 Horse Collar
20:25 Double-Bit Axe
22:53 Bodkin Arrow
37:51 Wheelbarrow
37:59 Bow Saw
39:31 Hand Cart
39:23 Stone Mining
47:56 Imperial Age
45:38 Gold Mining
47:34 Onager
牛比无极限
10:29 Feudal Age
14:40 Castle Age
12:35 Double-Bit Axe
13:19 Horse Collar
15:44 Bow Saw
19:21 Loom
22:19 Wheelbarrow
23:26 Hand Cart
25:46 Forging
30:33 Imperial Age
28:07 Scale Mail Armor
28:20 Town Watch
28:00 Pikeman
28:41 Squires
28:02 Man-at-Arms
28:46 Gold Mining
29:32 Long Swordsman
30:31 Chain Mail Armor
30:51 Iron Casting
30:36 Two-Handed Swordsman
30:37 Halberdier
31:40 Conscription
31:57 Capped Ram
32:40 Druzhina
32:48 Champion
34:55 Blast Furnace
34:03 Scale Barding Armor
34:32 Plate Mail Armor
35:34 Coinage
37:41 Two-Man Saw
36:44 Heavy Plow
37:29 Detinets
37:00 Siege Ram
38:14 Banking
38:40 Gold Shaft Mining
44:18 Crop Rotation
恆浪蕩
11:08 Feudal Age
12:16 Double-Bit Axe
14:53 Castle Age
13:03 Horse Collar
16:02 Bow Saw
15:53 Heavy Plow
18:13 Wheelbarrow
22:06 Gold Mining
23:36 Gold Shaft Mining
23:50 Hand Cart
27:39 Imperial Age
25:44 Scale Barding Armor
25:49 Forging
25:34 Loom
27:03 Husbandry
27:14 Bloodlines
27:43 Chain Barding Armor
27:59 Iron Casting
27:27 Town Watch
27:49 Stone Mining
27:56 Heavy Camel Rider
29:33 Plate Barding Armor
30:02 Conscription
31:26 Blast Furnace
30:26 Imperial Camel Rider
32:32 Blast Furnace
32:29 Siege Engineers
33:25 Chemistry
32:32 Siege Engineers
32:48 Ballistics
32:14 Light Cavalry
33:40 Fletching
34:07 Caravan
34:29 Grand Trunk Road
34:35 Bodkin Arrow
34:42 Padded Archer Armor
35:42 Shatagni
36:31 Leather Archer Armor
37:10 Bracer
38:12 Ring Archer Armor
38:56 Hoardings
39:03 Stone Shaft Mining
39:27 Coinage
39:37 Hussar
[ECU] Pendeck's
10:36 Feudal Age
11:21 Loom
14:31 Castle Age
12:53 Horse Collar
13:27 Double-Bit Axe
19:40 Wheelbarrow
21:27 Bow Saw
22:59 Heavy Plow
23:41 Hand Cart
23:30 Gold Mining
26:30 Stone Mining
30:07 Imperial Age
27:54 Scale Barding Armor
28:00 Forging
28:18 Bloodlines
28:09 Husbandry
29:52 Stone Shaft Mining
30:50 Capped Ram
31:45 Cavalier
33:33 Chain Barding Armor
36:00 Crop Rotation
36:31 Two-Man Saw
35:48 Treadmill Crane
36:53 Plate Barding Armor
39:58 Paladin
43:44 Iron Casting
默默默默默
10:12 Feudal Age
8:43 Loom
11:28 Feudal Age
15:56 Castle Age
14:44 Double-Bit Axe
15:27 Gold Mining
24:40 Fervor
24:50 Sanctity
27:22 Town Watch
29:57 Horse Collar
30:45 Bow Saw
34:33 Wheelbarrow
37:21 Treadmill Crane
41:11 Imperial Age
38:50 Scale Mail Armor
39:07 Forging
39:12 Heavy Plow
40:18 Hand Cart
41:04 Chain Mail Armor
41:24 Fletching
41:35 Fletching
41:47 Padded Archer Armor
42:57 Plate Mail Armor
43:24 Gold Shaft Mining
42:29 Elite Skirmisher
43:14 Thumb Ring
44:21 Squires
45:26 Iron Casting
44:47 Bodkin Arrow
45:25 Padded Archer Armor
46:15 Elite Temple Guard
47:57 Bracer
48:46 Leather Archer Armor
VIPN@U
8:14 Loom
10:28 Feudal Age
14:58 Castle Age
13:37 Double-Bit Axe
16:09 Bow Saw
15:41 Horse Collar
16:54 Squires
17:30 Scale Mail Armor
20:01 Town Watch
21:00 Forging
24:00 Gold Mining
26:27 Wheelbarrow
30:55 Imperial Age
28:35 Heavy Plow
28:40 Arson
29:11 Chain Mail Armor
29:59 Hand Cart
30:49 Iron Casting
30:59 Elite Fire Lancer
32:13 Plate Mail Armor
33:56 Chatras
34:13 Fletching
34:21 Crossbowman
35:07 Thumb Ring
35:28 Bodkin Arrow
36:37 Chemistry
35:59 Padded Archer Armor
36:36 Bracer
37:25 Murder Holes
38:00 Leather Archer Armor
38:42 Paper Money
38:45 Ballistics
38:57 Elite Skirmisher
40:40 Ring Archer Armor
40:33 Heavy Cavalry Archer
Connection lost

Rejoining the realm…

Still unreachable

The connection could not be restored.

Session expired

The server has moved on; the page needs a fresh start.